 Dungeon Crawl Stone Soup version 0.28.0-43-g3370ac3207 (webtiles) character file.

Game seed: 12288552684936969532

1 croobank the Sneak (level 1, 0/10 HPs)
             Began as a Felid Delver on Mar 11, 2022.
             Frozen to death by an endoplasm (4 damage)
             ... on level 3 of the Dungeon.
             The game lasted 00:00:50 (99 turns).

croobank the Sneak (Felid Delver)                     Turns: 99, Time: 00:00:51

Health: 0/10       AC:  1    Str:  8    XL:     1   Next: 16%
Magic:  2/2        EV: 32    Int: 11    God:
Gold:   15         SH:  0    Dex: 17    Spells: 0/0 levels left
                                        Lives:  0   Deaths: 0

rFire   . . .      SeeInvis +     - Unarmed
rCold   . . .      Faith    .   (shield unavailable)
rNeg    . . .      Spirit   .   (armour unavailable)
rPois   .          Reflect  .   (helmet unavailable)
rElec   .          Harm     .   (cloak unavailable)
rCorr   .          Rampage  .   (gloves unavailable)
Will    .....                   (boots unavailable)
Stlth   +++.......              f - amulet of the acrobat
HPRegen 0.03/turn               (no ring)
MPRegen 0.08/turn               (no ring)

@: acrobatic, quick
A: very small, claws 1, fangs 3, see invisible, speed 1, shaggy fur 1, stealthy
paws, no weapons or thrown items, no armour, multi-lived
a: no special abilities


You were on level 3 of the Dungeon.
You visited 1 branch of the dungeon, and saw 3 of its levels.

You collected 15 gold pieces.

Inventory:

Jewellery
 f - an amulet of the acrobat (around neck)
Wands
 e - a wand of digging (3)
Scrolls
 a - a scroll of fog
 b - a scroll of acquirement {unknown}
 c - a scroll of fear
 g - a scroll of blinking {unknown}
Potions
 d - a potion of haste


   Skills:
 + Level 3.0 Fighting
 + Level 2.7 Dodging
 + Level 6.6 Stealth
 + Level 2.0 Unarmed Combat


You couldn't memorise any spells.
You didn't know any spells.
Your spell library was empty.

Dungeon Overview and Level Annotations

Branches:
Dungeon (5/15)
 Temple: D:4-7

Altars:


Innate Abilities, Weirdness & Mutations

You have sharp claws.
You have razor-sharp teeth.
You have supernaturally acute eyesight. (SInv)
You cover ground quickly. (Speed+)
You are covered in fur. (AC +1)
Your paws help you pounce on unaware monsters.
You are incapable of wielding weapons or throwing items.
You cannot wear armour.
You gain extra lives every three experience levels.


Message History

f - an amulet of the acrobat (around neck)
g - a scroll labelled SUAGU POCZIRIM An orc comes into view.
It is wielding a +0 falchion.
The orc shouts!
As you read the scroll of magic mapping, it crumbles to dust.
You feel aware of your surroundings.
An orc comes into view. It is wielding a +0 mace.
An endoplasm comes into view.
Found a stone staircase leading up.
A quokka comes into view.
The endoplasm quivers.
A gnoll comes into view. It is wielding a +0 spear.
A gnoll comes into view. It is wielding a +3 flail.
The quokka closely misses you.
There is a stone staircase leading up here.
The endoplasm misses you. The quokka barely misses you.
You climb upwards.
You hear the sound of rushing water.
There is an entrance to a sewer on this level.
Hurry and find it before the portal rusts away!
There is a stone staircase leading down here.
You scratch the quokka.
The quokka is moderately wounded.
The endoplasm freezes you.
You are frozen.
The quokka barely misses you.
You scratch the quokka but do no damage.
The quokka is moderately wounded.
The endoplasm hits you. The quokka closely misses you.
You scratch the quokka.
You kill the quokka!
The endoplasm misses you. The endoplasm completely misses you.
You see here a quokka corpse.
Found 11 gold pieces.
Found a scroll labelled JANONO OGATTOR.
The endoplasm jiggles.
You see here a scroll labelled JANONO OGATTOR.
b - a scroll labelled JANONO OGATTOR The endoplasm freezes you.
You are frozen.
You die...

#.# #.# #.. #.#
########### #.#
#....J@...# #.#
#.#######.#
#####.####.###...
..
#>†....J.......$..
...
#.########....##.#
... #.# #..### .#
#.. ...# . ...
#..# ..#. ....


You could see an endoplasm.

Vanquished Creatures
  A quokka (D:3)
1 creature vanquished.

Notes
Turn   | Place    | Note
-------+----------+-------------------------------------------
     0 | D:5      | croobank the Felid Delver began the quest for the Orb.
     0 | D:5      | Reached XP level 1. HP: 10/10 MP: 2/2
    99 | D:3      | Frozen to death by an endoplasm

Illustrated notes

Levels and vault maps discovered:
D:3:      layout_basic, portal_sewer_entry_d, minmay_ruptured, uniq_natasha
D:4:      layout_basic, uniq_duvessa
D:5:      layout_basic, mainiacjoe_overflow_paths, kennysheep_flooded_box

Action                   || total
-------------------------++-------
Melee: Unarmed           ||     3
  Use: Scroll            ||     1
Dodge: Dodged            ||     7
